 Dungeon Crawl Stone Soup version 0.20-a0-623-gaf3b657 (webtiles) character file.

1426 Kokiki the Magician (level 8, -2/56 HPs)
             Began as a Mummy Ice Elementalist on Feb 10, 2017.
             Was an Initiate of Gozag.
             Slain by a scorpion (10 damage)
             ... on level 6 of the Dungeon.
             The game lasted 00:30:32 (5202 turns).

Kokiki the Magician (Mummy Ice Elementalist)        Turns: 5202, Time: 00:30:33

Health: -2/56      AC:  3    Str: 12    XL:     8   Next: 44%
Magic:  2/18       EV: 12    Int: 16    God:    Gozag
Gold:   330        SH:  0    Dex: 12    Spells: 7/21 levels left

rFire    x . .     SeeInvis .   j - +1 quarterstaff (protect)
rCold    + + .     Gourm    .   a - +1 robe
rNeg     + + +     Faith    .   (shield currently unavailable)
rPois    ∞         Spirit   .   (no helmet)
rElec    .         Reflect  .   (no cloak)
rCorr    .         Harm     +   (no gloves)
MR       +....                  (no boots)
Stlth    ++........             n - amulet of harm
Regen    0.2/turn               (no ring)
                                l - ring of Uphuren {rC+ rN+ Slay+3}

@: no status effects
A: no food or potions, fire vulnerability, cold resistance 1, negative energy
resistance 3, torment resistance, unbreathing
a: Potion Petition, Call Merchant, Bribe Branch, Renounce Religion


You were on level 6 of the Dungeon.
You worshipped Gozag.
Gozag was aware of your devotion.
You were not hungry.

You visited 2 branches of the dungeon, and saw 7 of its levels.

You collected 572 gold pieces.
You spent 204 gold pieces at shops.
You paid 38 gold pieces to Gozag.

Inventory:

Hand Weapons
 e - a +1 short sword of venom
 j - a +1 quarterstaff of protection (weapon)
Missiles
 c - 27 poisoned needles
 m - 2 javelins (quivered)
Armour
 a - a +1 robe (worn)
Jewellery
 l - the ring of Uphuren (left hand) {rC+ rN+ Slay+3}
   (You found it on level 4 of the Dungeon)

   [ring of slaying]

   It affects your accuracy and damage with ranged weapons and melee attacks
   (+3).
   It protects you from cold.
   It protects you from negative energy.
 n - an amulet of harm (around neck)
Wands
 f - a wand of iceblast (0/15)
Scrolls
 d - a scroll of amnesia
 g - 4 scrolls of identify
 h - a scroll of remove curse
 i - 3 scrolls of magic mapping
 k - a scroll of teleportation
Books
 b - a book of Frost

   Spells                             Type                      Level
   a - Freeze                         Ice                          1
   b - Throw Frost                    Conjuration/Ice              2
   c - Ozocubu's Armour               Charms/Ice                   3
   d - Throw Icicle                   Conjuration/Ice              4
   e - Summon Ice Beast               Ice/Summoning                4


   Skills:
 + Level 1.9 Fighting
 + Level 0.1 Short Blades
 + Level 2.6 Staves
 + Level 2.5 Dodging
 + Level 2.1 Stealth
 + Level 7.0 Spellcasting
 + Level 0.8 Conjurations
 + Level 0.1 Charms
 * Level 6.6 Ice Magic


You had 7 spell levels left.
You knew the following spells:

 Your Spells              Type           Power        Failure   Level  Hunger
a - Freeze                Ice            ####         1%          1    N/A
b - Throw Frost           Conj/Ice       ###...       6%          2    N/A
c - Ozocubu's Armour      Chrm/Ice       ###.....     12%         3    N/A
d - Throw Icicle          Conj/Ice       ###.....     34%         4    N/A
e - Summon Ice Beast      Ice/Summ       ###.....     34%         4    N/A

Dungeon Overview and Level Annotations

Branches:
Dungeon (6/15)             Temple (1/1) D:4

Altars:
Ashenzari
Gozag
Nemelex Xobeh
Okawaru
Trog
Xom

Shops:
D:4 *}*?

Annotations:
D:4 Grinder, Sigmund


Innate Abilities, Weirdness & Mutations

You do not eat or drink.
Your flesh is vulnerable to fire.
You are immune to poison.
Your flesh is cold resistant. (rC+)
You are immune to negative energy. (rN+++)
You are immune to unholy pain and torment.
You can survive without breathing.


Message History

The scorpion misses you.
Casting: Freeze
Confirm with . or Enter, or press ? or * to list all spells.
Aiming: Freeze
Press: ? - help, Shift-Dir - straight line, f/p - scorpion
Aim: a scorpion (moderately wounded)
You freeze the scorpion.
The scorpion is heavily wounded.
The scorpion is distracted by the nearby gold.
You completely miss the scorpion.
The scorpion is no longer distracted by gold.
The scorpion is heavily wounded.
The scorpion stings you.
* * * LOW HITPOINT WARNING * * *
You can't drink.
The scorpion completely misses you.
As you read the scroll of fog, it crumbles to dust.
The scroll dissolves into smoke.
The scorpion stings you!
You die...
Your body crumbles into a pile of gold.

####.#...#..#+#.##.....#
# ##........###'######
#.................#
#..(.....#....###.####
#........#....'....... #
##............###.###.
#.###..#§####.....##.#...
#......§§# #####....'...
#.....#§@# #...##...
+.....#§s# #.#.##...
#.....##§########.#+##...
#...>.$.>.....).))...#...
+.....####...........#...
#.... #...........#...
#..$ #...........#... #..
#...........#### $ #.
#.........###


You could see a scorpion.

Vanquished Creatures
  Eustachio (D:4)
  Menkaure (D:5)
  An ice beast (D:6)
  4 ogres
  A scorpion (D:6)
  A vampire bat (D:5)
  A howler monkey (D:5)
  2 crimson imps
  3 orc priests
  A centaur skeleton (D:6)
  2 iguanas (D:4)
  5 worker ants
  A hound zombie (D:5)
  12 adders
  A shadow imp (D:6)
  2 oozes
  An adder skeleton (D:4)
  2 worms
  3 dart slugs
  3 leopard geckos
  14 orcs
  3 giant cockroaches
  6 hobgoblins
  9 jackals
  7 kobolds
  3 quokkas
  A ball python (D:2)
  16 bats
  10 frilled lizards
  13 goblins
  A jackal zombie (D:5)
  4 rats
135 creatures vanquished.

Notes
Turn   | Place    | Note
-------+----------+-------------------------------------------
     0 | D:1      | Kokiki the Mummy Ice Elementalist began the quest for the Orb.
     0 | D:1      | Reached XP level 1. HP: 13/13 MP: 4/4
   230 | D:1      | Reached XP level 2. HP: 9/19 MP: 0/5
   363 | D:1      | Reached skill level 3 in Spellcasting
   370 | D:1      | Learned a level 2 spell: Throw Frost
   787 | D:1      | Reached XP level 3. HP: 23/24 MP: 0/7
   792 | D:1      | Learned a level 3 spell: Ozocubu's Armour
  1224 | D:2      | Noticed Sigmund
  1512 | D:2      | Reached XP level 4. HP: 30/30 MP: 3/9
  1518 | D:2      | Learned a level 4 spell: Throw Icicle
  1899 | D:2      | Reached skill level 4 in Spellcasting
  2040 | D:3      | Reached XP level 5. HP: 34/35 MP: 0/11
  2096 | D:3      | Found a bloodstained altar of Trog.
  2629 | D:4      | Found Ruapte's Magic Scroll Emporium.
  2633 | D:4      | Found Xoocikh's Assorted Antiques.
  2639 | D:4      | Bought a scroll of teleportation for 36 gold pieces
  2644 | D:4      | Noticed Eustachio
  2741 | D:4      | Noticed Grinder
  2800 | D:4      | Got a scorched wooden ring
  2804 | D:4      | Identified the ring of Uphuren {rC+ rN+ Slay+3} (You found it on level 4 of the Dungeon)
  2926 | D:4      | Found a staircase to the Ecumenical Temple.
  2942 | Temple   | Entered the Ecumenical Temple
  2955 | Temple   | Became a worshipper of Gozag Ym Sagoz the Greedy
  3052 | D:4      | Found Utog Lao's Gadget Boutique.
  3063 | D:4      | Noticed an ogre
  3081 | D:4      | Killed an ogre
  3081 | D:4      | Reached XP level 6. HP: 25/42 MP: 2/13
  3252 | D:5      | Entered Level 5 of the Dungeon
  3292 | D:5      | Reached skill level 5 in Spellcasting
  3316 | D:5      | Learned a level 4 spell: Summon Ice Beast
  3471 | D:4      | Bought a dented pearl amulet for 120 gold pieces
  3549 | D:5      | Noticed Menkaure
  3575 | D:4      | Found Pasomperph's General Store.
  3646 | D:4      | Killed Eustachio
  3646 | D:4      | Reached skill level 1 in Fighting
  3646 | D:4      | Reached skill level 1 in Staves
  3646 | D:4      | Reached XP level 7. HP: 35/48 MP: 8/15
  3652 | D:4      | Reached skill level 5 in Ice Magic
  3746 | D:4      | Bought a scroll of identify for 24 gold pieces
  3746 | D:4      | Bought a scroll of identify for 24 gold pieces
  4121 | D:4      | Paralysed by Grinder for 7 turns
  4131 | D:4      | Paralysed by Grinder for 3 turns
  4137 | D:4      | Paralysed by Grinder for 5 turns
  4507 | D:5      | Reached skill level 6 in Spellcasting
  4655 | D:5      | Found an iron altar of Okawaru.
  4832 | D:5      | Killed Menkaure
  4832 | D:5      | Reached XP level 8. HP: 27/54 MP: 8/17
  5195 | D:6      | Reached skill level 7 in Spellcasting
  5202 | D:6      | Slain by a scorpion

Vault maps used:
D:1:      grunt_arrival_crossed_arrows
D:2:      minmay_unequal, uniq_sigmund
D:3:      overflow_temple_1_default, first_bread
D:4:      minmay_temple_entry_hall, serial_shops, nicolae_shop_statue_plus,
          shop, shop, nicolae_shop_competitors_out_of_business,
          minmay_checkerbox, uniq_grinder, uniq_eustachio
D:5:      kennysheep_okawaru_gauntlet, roderic_batcave, serial_bayou_crossing,
          uniq_menkaure
Temple:   regret_index_temple_sphere_string

Skill      XL: |  1  2  3  4  5  6  7  8 |
---------------+-------------------------+-----
Spellcasting   | 3 4 5 6 7 |  7.0
Ice Magic      | 3 4 6 |  6.6
Fighting       | 1 |  1.9
Staves         | 1 2 |  2.6
Dodging        | 2 |  2.5
Stealth        | 2 |  2.1
Short Blades   | |  0.1
Conjurations   | |  0.8
Charms         | |  0.1

Action                   |  1- 3 |  4- 6 |  7- 9 || total
-------------------------+-------+-------+-------++-------
Melee: Dagger            |    11 |       |       ||    11
       Short sword       |     4 |     8 |       ||    12
       Quarterstaff      |       |    57 |    62 ||   119
 Cast: Freeze            |    62 |    80 |    59 ||   201
       Throw Frost       |     2 |    13 |    12 ||    27
       Throw Icicle      |       |       |     2 ||     2
       Ozocubu's Armour  |       |       |     1 ||     1
Invok: Potion Petition   |       |       |     1 ||     1
Evoke: Wand              |       |       |     2 ||     2
  Use: Scroll            |     6 |     4 |     1 ||    11
 Stab: Sleeping          |     1 |     2 |     2 ||     5
Armor: Robe              |    10 |    52 |    46 ||   108
Dodge: Dodged            |    46 |   108 |    90 ||   244
